 Dungeon Crawl Stone Soup version 0.27-a0-765-ge4d627daa3 (webtiles) character file.

Game seed: 929786210480976818

130 rageheart7 the Insei (level 5, -1/38 HPs)
             Began as a Merfolk Transmuter on Mar 25, 2021.
             Slain by a centaur (5 damage)
             ... on level 3 of the Dungeon.
             The game lasted 00:03:50 (3110 turns).

rageheart7 the Insei (Merfolk Transmuter)           Turns: 3110, Time: 00:03:50

Health: -1/38      AC:  3    Str: 11    XL:     5   Next: 14%
Magic:  9/9        EV: 12    Int: 12    God:
Gold:   73         SH:  0    Dex: 15    Spells: 8/9 levels left

rFire    . . .     SeeInvis .     - Unarmed
rCold    . . .     Faith    .   (no shield)
rNeg     . . .     Spirit   .   a - +0 robe
rPois    .         Reflect  .   (helmet currently unavailable)
rElec    .         Harm     .   (no cloak)
rCorr    .         Rampage  .   g - +0 pair of gloves
Will     .....                  (boots currently unavailable)
Stlth    +.........             (no amulet)
HPRegen  0.12/turn              (no ring)
MPRegen  0.11/turn              (no ring)

@: appendages (expiring)
A: horns 2, (nimble swimmer 2), mertail
a: End Transformation


You were on level 3 of the Dungeon.
You had temporarily grown beastly horns.
You visited 1 branch of the dungeon, and saw 3 of its levels.

You collected 73 gold pieces.

Inventory:

Armour
 a - a +0 robe (worn)
 g - a +0 pair of gloves (worn)
Jewellery
 b - an amulet of magic regeneration
Wands
 h - a wand of polymorph (7)
Potions
 e - a potion of curing {unknown}
 f - a potion of degeneration {unknown}


   Skills:
 * Level 1.9 Fighting
 - Level 2.6 Dodging
 * Level 4.8 Unarmed Combat
 * Level 2.9 Spellcasting
 * Level 3.7 Transmutations


You had 8 spell levels left.
You knew the following spells:

 Your Spells              Type           Power      Damage    Failure   Level
a - Beastly Appendage     Tmut           20%        N/A       5%          1

Your spell library contained the following spells:

 Spells                   Type           Power      Damage    Failure   Level
 Wereblood                Tmut           10%        N/A       9%          2
 Spider Form              Tmut/Pois      3%         N/A       34%         3
 Ice Form                 Ice/Tmut       6%         N/A       75%         4
 Blade Hands              Tmut           5%         N/A       83%         5


Dungeon Overview and Level Annotations

Branches:
Dungeon (3/15)

Altars:


Innate Abilities, Weirdness & Mutations

You have temporarily grown beastly horns.
((You are quick and stealthy while swimming. (Stealth+, EV+, Speed+++)))
Your lower body shifts to a powerful aquatic tail in water.


Message History

You are too injured to fight recklessly!
You hit the centaur.
The centaur is lightly wounded.
The centaur hits you but does no damage.
The centaur kicks you.
You hit the centaur.
The centaur is heavily wounded.
The centaur hits you but does no damage.
The centaur kicks you but does no damage.
The centaur misses you. The centaur closely misses you.
You hit the centaur.
The centaur is severely wounded.
Your transformation is almost over.
The centaur hits you.
* * * LOW HITPOINT WARNING * * *
The centaur barely misses you.
You hit the centaur.
The centaur is severely wounded.
The centaur hits you but does no damage.
The centaur completely misses you. The centaur closely misses you.
The centaur kicks you.
* * * LOW HITPOINT WARNING * * *
You hit the centaur but do no damage.
The centaur is severely wounded.
The centaur hits you but does no damage.
The centaur kicks you but does no damage.
You hit the centaur but do no damage.
You headbutt the centaur, but do no damage.
The centaur is severely wounded.
The centaur closely misses you.
The centaur kicks you but does no damage.
You hit the centaur. Your headbutt misses the centaur.
Your punch misses the centaur.
The centaur is almost dead.
The centaur hits you.
* * * LOW HITPOINT WARNING * * *
The centaur kicks you.
* * * LOW HITPOINT WARNING * * *
The centaur hits you.
You die...

#.......... #.###.. ...
#.......... ##.##...##.#
#.......... #...........
#.......... #........#..
#<........###+###...## #.#.#
##.....#.............###...#
####### #. #.........#..<..
#####c##.......†...###.
#.....@..........### #.
.............)....# #.
....#####..(†.....# ## ...
#.).......# # #.........#
#.........# #.........#
#.........# ##.......##


You could see a centaur.

Vanquished Creatures
  Natasha (thrice) (D:2)
  An adder (D:2)
  An adder skeleton (D:2)
  A worm (D:2)
  2 ball pythons
  5 endoplasms
  2 giant cockroaches
  5 goblins
  3 hobgoblins (D:2)
  A quokka (D:1)
  4 bats
  5 frilled lizards
  4 kobolds
  7 rats
44 creatures vanquished.

Notes
Turn   | Place    | Note
-------+----------+-------------------------------------------
     0 | D:1      | rageheart7 the Merfolk Transmuter began the quest for the
                  | Orb.
     0 | D:1      | Reached XP level 1. HP: 15/15 MP: 3/3
   400 | D:1      | Reached XP level 2. HP: 16/21 MP: 3/5
  1443 | D:2      | Reached XP level 3. HP: 26/26 MP: 4/6
  1516 | D:2      | Reached skill level 4 in Unarmed Combat
  1579 | D:2      | Noticed Natasha
  1585 | D:2      | Killed Natasha
  1828 | D:2      | Reached XP level 4. HP: 25/32 MP: 7/7
  2265 | D:2      | Found a faded altar of an unknown god.
  2660 | D:2      | Noticed Natasha
  2666 | D:2      | Killed Natasha
  2728 | D:2      | Noticed Natasha
  2736 | D:2      | Killed Natasha
  2737 | D:2      | Reached XP level 5. HP: 14/38 MP: 9/9
  3095 | D:3      | Noticed a centaur
  3110 | D:3      | Slain by a centaur

Illustrated notes

Levels and vault maps discovered:
D:1:      heliophobic_arrival_dark_side_of_the_moon, layout_basic,
          serial_bayou_crossing
D:2:      layout_basic, chequers_ecumenical_altar_simple, uniq_natasha
D:3:      layout_rooms, kennysheep_generic_room_13

Skill      XL: |  1  2  3 |
---------------+----------+-----
Transmutations | 3 |  3.7
Unarmed Combat | 4 |  4.8
Fighting       | |  1.9
Dodging        | |  2.6
Spellcasting   | |  2.9

Action                   |  1- 3 |  4- 6 || total
-------------------------+-------+-------++-------
Melee: Unarmed           |    74 |    53 ||   127
       Headbutt          |    10 |     8 ||    18
       Punch             |     2 |     1 ||     3
       Tailslap          |     1 |       ||     1
 Cast: Beastly Appendage |    17 |    10 ||    27
  Use: Scroll            |       |     3 ||     3
Armor: Robe              |    13 |    15 ||    28
       Skin              |       |     2 ||     2
Dodge: Dodged            |    46 |    36 ||    82

Table legend: (Time is in decaauts)
 A = Elapsed time spent in this place.
 B = Non-inter-level travel time spent in this place.
 C = Inter-level travel time spent in this place.
 D = Time resting spent in this place.
 E = Time spent auto-exploring this place.
 F = Levels seen in this place.
 G = Mean time per level.
                   A        B        C        D        E       F      G
               +--------+--------+--------+--------+--------+-----+--------+
         Total |   3109 |   3015 |     94 |    610 |   2090 |   3 | 1036.3 |
       Dungeon |   3109 |   3015 |     94 |    610 |   2090 |   3 | 1036.3 |
               +--------+--------+--------+--------+--------+-----+--------+

Top non-repeatable levels by time:
     D:2: 1639 daAuts
     D:1: 1395 daAuts
     D:3: 74 daAuts
